 Dungeon Crawl Stone Soup version 0.30-a0-937-ga0a21ad780 (webtiles) character file.

Game seed: 11463848076180904181

252 kae the Changer (level 6, -4/76 HPs)
             Began as a Naga Transmuter on Mar 24, 2023.
             Was an Initiate of Cheibriados.
             Constricted to death by Natasha (6 damage)
             ... on level 4 of the Dungeon.
             The game lasted 00:04:56 (3633 turns).

kae the Changer (Naga Transmuter)                   Turns: 3633, Time: 00:04:57

Health: -4/76      AC: 23    Str: 14    XL:     6   Next: 14%
Magic:  8/10       EV: -2    Int: 16    God:    Cheibriados [......]
Gold:   132        SH:  0    Dex: 12    Spells: 5/11 levels left

rFire   . . .      SeeInvis +      - Unarmed
rCold   . . .      Faith    .    (no shield)
rNeg    . . .      Spirit   .    a - melded +0 robe
rPois   +          Reflect  .    l - melded +0 helmet
rElec   .          Rampage  .    c - melded +0 cloak
rCorr   .          NoTele   +    (gloves currently unavailable)
Will    .....                    (no barding)
Stlth   +                        (no amulet)
HPRegen 0.32/turn                (no ring)
MPRegen 0.12/turn                (no ring)

@: lethally poisoned (-4 -> -19), tree-form, grasped by roots, constricted, very
slow
A: stationary, stasis, torment immunity, boosted hp, AC +2, large, see
invisible, (deformed body), (poison resistance), (slowness 2), spit poison 1,
(naga tail 1)
a: Spit Poison, Renounce Religion


You were on level 4 of the Dungeon.
You worshipped Cheibriados.
Cheibriados was noncommittal.
You were a tree.
You visited 2 branches of the dungeon, and saw 5 of its levels.

You collected 132 gold pieces.


Innate Abilities, Weirdness & Mutations

You are a tree.
Your roots penetrate the ground, keeping you stationary.
You cannot be teleported.
You are immune to unholy pain and torment.
Your maximum health is greatly increased.
Your equipment is partially melded.
((Your serpentine skin is tough. (AC +2)))
You have supernaturally acute eyesight. (SInv)
((Armour fits poorly on your strangely shaped body.))
((Your system is resistant to poisons. (rPois)))
((You cover ground very slowly.))
You can spit poison.
((You have a snake-like lower body.))


   Skills:
 - Level 1.0 Fighting
 - Level 1.5 Dodging
 + Level 3.9 Unarmed Combat
 + Level 3.0 Spellcasting
 * Level 4.1 Transmutations
 * Level 3.5 Poison Magic


You had 5 spell levels left.
You knew the following spells:

 Your Spells              Type           Power      Damage    Failure   Level
a - Beastly Appendage     Tmut           30%        N/A       3%          1
b - Wereblood             Tmut           15%        N/A       4%          2
c - Spider Form           Tmut/Pois      14%        N/A       12%         3

Your spell library contained the following spells:

 Spells                   Type           Power      Damage    Failure   Level
 Ignite Poison            Fire/Tmut/Pois 10%        N/A       21%         3
 Blink                    Tloc           4%         N/A       28%         2
 Lesser Beckoning         Tloc           4%         N/A       28%         2
 Gell's Gravitas          Tloc           2%         N/A       50%         3
 Teleport Other           Tloc           2%         N/A       50%         3
 Ice Form                 Ice/Tmut       9%         N/A       61%         4
 Manifold Assault         Tloc           2%         N/A       88%         4
 Sticky Flame             Conj/Fire      2%         2d3       88%         4
 Storm Form               Tmut/Air       4%         N/A       100%        7
 Ignition                 Fire           1%         3d3       100%        8

Inventory:

Missiles
 e - 2 datura-tipped darts {forbidden}
 f - 20 stones
 h - 6 javelins
 m - 8 poisoned darts
Armour
 a - a +0 robe (melded)
 c - a +0 cloak (melded)
   (You found it on level 1 of the Dungeon)
 l - a +0 helmet (melded)
   (You took it off Robin on level 2 of the Dungeon)
Jewellery
 L - a ring of flight
   (You found it on level 4 of the Dungeon)
 T - an amulet of faith {!P}
   (You found it on level 2 of the Dungeon)
Wands
 d - a wand of charming (10)
   (You found it on level 2 of the Dungeon)
Scrolls
 g - 4 scrolls of identify {@r1}
 i - a scroll of noise {!r}
Potions
 b - a potion of lignification {!q}
 j - 2 potions of mutation {!q}
 k - a potion of might
 n - a potion of curing {unknown}

Dungeon Overview and Level Annotations

Branches:
Dungeon (4/15) Zot: 30037  Temple (1/1) D:4 Zot: 8136

Altars:
Ashenzari
Cheibriados
Elyvilon
Gozag
Hepliaklqana
Makhleb
Ru
Sif Muna
Trog
Wu Jian
Xom
Yredelemnul
Zin
The Shining One

Annotations:
D:4 Natasha

..#
###..†...>.....
...... ..#
#............
...... ..#
#....).......
...... ..#
#...)).......
###
#$...........
#............
#............
#...Ks.......
#...♣oh......
#..ooo..5....
#....o.......
#............
#...........
#...........
#...........
#...........


You could see a scorpion, an iron imp (summoned), an orc priest, Natasha, 4 orcs
and a kobold.


Message History

You kill the endoplasm!
Cheibriados appreciates the change of pace.
The kobold closely misses you. 😕 HP[-1]
You take 1 damage, and now have 45/51 hp.
You hit the kobold.
You kill the kobold!
Cheibriados appreciates the change of pace.
Your transformation has ended.
Your +0 cloak unmelds from your body.
Your +0 helmet unmelds from your body.
Your +0 robe unmelds from your body.
An orc comes into view. It is wielding a +0 dagger.
Natasha, Servant of Life and Death comes into view.
She is carrying a wand of roots (6).
A scorpion comes into view.
The kobold hits you but does no damage.
The orc moves out of view. 😕 HP[+1] MP[+1]
Your mp is fully restored (10).
Casting: Spider Form (dangerous; 12% risk of failure)
Confirm with . or Enter, or press ? or * to list all spells.
You turn into a venomous arachnid creature.
Your +0 cloak melds into your body.
Your +0 helmet melds into your body.
Your +0 robe melds into your body.
Natasha hisses angrily.
You hear a shout! x2
The kobold barely misses you.
An orc comes into view. It is wielding a +0 club.
Natasha stares at you and mumbles some strange words.
The magic dart hits you. The kobold barely misses you.
Natasha zaps a wand.
The roots erupt in riotous growth!
The grasping roots grab you!
The kobold is unaffected.
The grasping roots constrict you.
You hear a shout! x2; You hear an angry hiss. 😕 HP[-6] MP[-3]
You take 6 damage, and now have 40/51 hp.
You lost 3 mp, and now have 7/10 mp.
You escape the roots grasp.
An orc priest comes into view. It is wielding a +0 war axe.
The orc priest shouts!
The kobold hits you but does no damage.
An orc comes into view. It is wielding a +0 hand axe.
The orc priest invokes the aid of Beogh against you.
Beogh smites you!
Natasha casts a spell.
The kobold closely misses you.
An orc comes into view.
It is wielding a +0 short sword. 😮 HP[-13]
You take 13 damage, and now have 27/51 hp.
MASSIVE DAMAGE!! (PAUSE)
The kobold attacks as you move away! The kobold completely misses you.
The scorpion misses you. The kobold attacks as you move away!
The kobold completely misses you. The scorpion stings you.
* * * LOW HITPOINT WARNING * * *
You are lethally poisoned!
The scorpion poisons you!
Natasha zaps a wand.
The roots erupt in riotous growth!
The grasping roots grab you!
The orc is unaffected.
The kobold is unaffected.
The scorpion is unaffected.
The grasping roots constrict you.
* * * LOW HITPOINT WARNING * * *
You hear a shout!
There is a stone staircase leading up here. 😨 HP[-6]
You take 6 damage, and now have 21/51 hp.
Unknown command.
The roots grasp on you weakens, but your attempt to escape fails.
* * * LOW HITPOINT WARNING * * *
You feel very sick. The scorpion barely misses you.
The orc hits you with a +0 club.
* * * LOW HITPOINT WARNING * * *
The kobold misses you. The grasping roots constrict you.
* * * LOW HITPOINT WARNING * * *
The scorpion barely misses you. The grasping roots constrict you.
* * * LOW HITPOINT WARNING * * *
Unknown command. 😱 HP[-16]
You take 16 damage, and now have 5/51 hp.
MASSIVE DAMAGE!! (PAUSE) Unknown command.
Okay, then.
Really quaff
b - 2 potions of lignification {!q}?
Really quaff the potion of lignification?
Your transformation has ended.
Your +0 cloak unmelds from your body.
Your +0 helmet unmelds from your body.
Your +0 robe unmelds from your body.
You turn into a tree.
Your +0 cloak melds into your body.
Your +0 helmet melds into your body.
Your +0 robe melds into your body.
Your roots penetrate the ground.
* * * LOW HITPOINT WARNING * * *
You feel very sick. The kobold hits you but does no damage.
The orc hits you but does no damage.
The orc priest hits you but does no damage.
The orc hits you but does no damage. The scorpion stings you.
* * * LOW HITPOINT WARNING * * *
The grasping roots constrict you.
You die...

Skill      XL: |  1  2  3  4  5 |
---------------+----------------+-----
Transmutations | 3 4 |  4.1
Poison Magic   | 2 3 |  3.5
Spellcasting   | 3 |  3.0
Fighting       | |  1.0
Dodging        | |  1.5
Unarmed Combat | |  3.9

Action                     |  1- 3 |  4- 6 || total
---------------------------+-------+-------++-------
  Melee: Unarmed           |   108 |   104 ||   212
         Headbutt          |    11 |       ||    11
         Punch             |     4 |       ||     4
   Cast: Beastly Appendage |    11 |     4 ||    15
         Spider Form       |     1 |     8 ||     9
         Wereblood         |       |     3 ||     3
Ability: Spit Poison       |    10 |    26 ||    36
    Use: Scroll            |     4 |     7 ||    11
         Potion            |       |     1 ||     1
 Armour: Robe              |    28 |    21 ||    49
         Skin              |     5 |    10 ||    15
  Dodge: Dodged            |    71 |    80 ||   151

Levels and vault maps discovered:
D:1:      amcnicky_arrival_flooded_fountain, layout_loops_corners
D:2:      minmay_door_path, layout_rooms, dreamdust_princess_bridge,
          interstate_on_off, uniq_jessica, uniq_robin
D:3:      layout_loops_ring, nicolae_overflow_hidden_temple,
          mainiacjoe_overflow_concentric_impassable
D:4:      cheibrodos_thug_alley, layout_basic, mainiacjoe_overflow_tiny_flanked,
          minmay_temple_entry_offerings, portal_sewer_entry_b, uniq_natasha
Temple:   hc_temple_tempest_star

Notes
Turn   | Place    | Note
-------+----------+-------------------------------------------
     0 | D:1      | kae the Naga Transmuter began the quest for the Orb.
     0 | D:1      | Reached XP level 1. HP: 18/18 MP: 3/3
     0 | D:1      | magus.rc [v1.11.3]
     5 | D:1      | You add the spells Ignite Poison, Sticky Flame and Ignition
                  | to your library.
   239 | D:1      | Reached XP level 2. HP: 21/25 MP: 0/5
  1178 | D:2      | Noticed Robin
  1232 | D:2      | Reached XP level 3. HP: 27/31 MP: 3/6
  1315 | D:2      | Killed Robin
  1316 | D:2      | Reached skill level 3 in Transmutations
  1350 | D:1      | Learned a level 2 spell: Wereblood
  1354 | D:1      | Learned a level 3 spell: Spider Form
  1551 | D:2      | You pick up a book of Changes and begin reading...
  1587 | D:2      | Reached XP level 4. HP: 29/38 MP: 4/7
  1647 | D:2      | Reached skill level 1 in Poison Magic
  1869 | D:2      | Noticed Jessica
  1873 | D:2      | Killed Jessica
  1894 | D:2      | Reached skill level 2 in Poison Magic
  2168 | D:3      | You pick up a book of Changes and begin reading...
  2332 | D:3      | Reached XP level 5. HP: 29/44 MP: 9/9
  2392 | D:3      | Found a snail-covered altar of Cheibriados.
  2868 | D:3      | Found a shimmering altar of Xom.
  2931 | D:4      | Found a staircase to the Ecumenical Temple.
  2940 | Temple   | Entered the Ecumenical Temple
  3381 | D:3      | Became a worshipper of Cheibriados the Contemplative
  3406 | D:4      | You add the spells Blink, Manifold Assault and Storm Form
                  | to your library.
  3451 | D:4      | Noticed Natasha
  3463 | D:4      | HP: 8/44 [constriction (5)]
  3464 | D:4      | Killed Natasha
  3465 | D:4      | Reached skill level 3 in Poison Magic
  3508 | D:4      | You pick up a book of Displacement and begin reading...
  3508 | D:4      | You add the spells Lesser Beckoning, Gell's Gravitas and
                  | Teleport Other to your library.
  3530 | D:4      | Reached skill level 4 in Transmutations
  3559 | D:4      | Reached skill level 3 in Spellcasting
  3559 | D:4      | Reached XP level 6. HP: 40/51 MP: 3/10
  3625 | D:4      | Noticed Natasha
  3632 | D:4      | HP: 10/51 [constriction (6)]
  3633 | D:4      | HP: 4/76 [poisoned by a scorpion]
  3633 | D:4      | Constricted to death by Natasha

Vanquished Creatures
  A hound (D:4)
  Jessica (D:2)
  Natasha (D:4)
  An orc wizard (D:3)
  Robin (D:2)
  3 adders
  5 dart slugs
  10 orcs
  3 bats
  7 endoplasms
  4 giant cockroaches
  8 goblins
  10 hobgoblins
  6 jackals
  2 quokkas
  5 ball pythons
  4 frilled lizards
  8 kobolds
  5 rats
85 creatures vanquished.

Table legend:
 A = Non-vault XP
 B = Vault XP
 C = Vault XP percentage of total XP
 D = Non-vault monster count
 E = Vault monster count
 F = Vault count percentage of total count
                 A         B        C        D         E       F
            +---------+---------+-------+---------+---------+-------
      Total |     240 |     121 |  33.5 |      65 |      20 |  23.5
            +---------+---------+-------+---------+---------+-------
        D:1 |      31 |       2 |   6.1 |      18 |       1 |   5.3
        D:2 |      47 |      82 |  63.6 |      19 |      16 |  45.7
        D:3 |      75 |       0 |   0.0 |      16 |       0 |   0.0
        D:4 |      87 |      37 |  29.8 |      12 |       3 |  20.0
            +---------+---------+-------+---------+---------+-------

Illustrated notes

Table legend:
 A = Kills in this place as a percentage of kills in the entire game.
 B = Kills by you in this place as a percentage of kills by you in the entire game.
 C = Kills by friends in this place as a percentage of kills by friends in the entire game.
 D = Other kills in this place as a percentage of other kills in the entire game.
 E = Experience gained in this place as a percentage of experience gained in the entire game.
 F = Experience gained in this place divided by the number of levels of this place that you have seen.
                   A       B       C       D       E      F
               +-------+-------+-------+-------+-------+----------------------
         Total | 100.0 | 100.0 |   N/A |   N/A | 100.0 |  72.2
       Dungeon | 100.0 | 100.0 |   N/A |   N/A | 100.0 |  90.2
               +-------+-------+-------+-------+-------+----------------------

Table legend: (Time is in decaauts)
 A = Elapsed time spent in this place.
 B = Non-inter-level travel time spent in this place.
 C = Inter-level travel time spent in this place.
 D = Time resting spent in this place.
 E = Time spent auto-exploring this place.
 F = Levels seen in this place.
 G = Mean time per level.
                   A        B        C        D        E       F      G
               +--------+--------+--------+--------+--------+-----+--------+
         Total |   4670 |   4375 |    295 |    276 |   3223 |   5 |  934.0 |
       Dungeon |   4095 |   3828 |    267 |    276 |   2692 |   4 | 1023.8 |
        Temple |    575 |    548 |     27 |      0 |    530 |   1 |  575.0 |
               +--------+--------+--------+--------+--------+-----+--------+

Top non-repeatable levels by time:
     D:1: 1713 daAuts
     D:3: 1042 daAuts
     D:2: 988 daAuts
  Temple: 575 daAuts
     D:4: 350 daAuts
